 Dungeon Crawl Stone Soup version 0.24-a0-458-gfcb5e6da0e (webtiles) character file.

Game seed: 1138562788589938958

62 Inarius the Skirmisher (level 3, -2/29 HPs)
             Began as a Demonspawn Fighter on June 26, 2019.
             Slain by an orc
             ... wielding a +0 mace of protection
              (5 damage)
             ... on level 2 of the Dungeon.
             The game lasted 00:02:08 (1150 turns).

Inarius the Skirmisher (Demonspawn Fighter)         Turns: 1150, Time: 00:02:09

Health: -2/29      AC:  6    Str: 22    XL:     3   Next: 85%
Magic:  3/3        EV:  7    Int:  9    God:
Gold:   42         SH:  9    Dex: 12    Spells: 2/2 levels left

rFire    . . .     SeeInvis .   a - +0 war axe
rCold    + . .     Gourm    .   c - +0 shield
rNeg     . . .     Faith    .   b - +0 scale mail
rPois    .         Spirit   .   (no helmet)
rElec    .         Reflect  .   (no cloak)
rCorr    .         Harm     .   (no gloves)
MR       +....                  (no boots)
Stlth    ..........             (no amulet)
HPRegen  0.09/turn              j - ring of protection from magic
MPRegen  0.08/turn              (no ring)

@: mighty, lethally poisoned (-2 -> -3)
A: cold resistance 1
a: no special abilities


You were on level 2 of the Dungeon.
You were not hungry.

You visited 1 branch of the dungeon, and saw 2 of its levels.

You collected 42 gold pieces.

Inventory:

Hand Weapons
 a - a +0 war axe (weapon)
Armour
 b - a +0 scale mail (worn)
 c - a +0 shield (worn)
Jewellery
 j - a ring of protection from magic (left hand)
Scrolls
 h - a scroll of magic mapping
 i - a scroll of fog {unknown}
 k - a scroll of enchant weapon
 m - 2 scrolls of remove curse
Potions
 l - a potion of degeneration {unknown}
 n - a potion of invisibility {unknown}
Comestibles
 f - 2 rations
 g - 4 chunks of flesh


   Skills:
 + Level 3.3 Fighting
 * Level 2.5 Axes
 + Level 3.1 Armour
 + Level 0.2 Dodging
 + Level 3.2 Shields


You had 2 spell levels left.
You didn't know any spells.
Your spell library was empty.

Dungeon Overview and Level Annotations

Branches:
Dungeon (2/15)

Altars:


Innate Abilities, Weirdness & Mutations

Your flesh is cold resistant. (rC+)


Message History

You hit the orc.
The orc is lightly wounded.
You hit the worm.
You kill the worm!
You hit the goblin.
You kill the goblin!
You feel sick.
The orc hits you with a +0 mace of protection.
* * * LOW HITPOINT WARNING * * *
You barely miss the orc.
The orc is lightly wounded.
The orc hits you with a +0 mace of protection.
* * * LOW HITPOINT WARNING * * *
Unknown command.
You closely miss the orc.
The orc is lightly wounded.
* * * LOW HITPOINT WARNING * * *
You feel sick.
The orc hits you with a +0 mace of protection.
You die...

...#..##.#
##..#....... #.
##..........#
##.##..........##
##
#...............#
.>
......#..........
##.
#.......).......#
##..
#(...@o†.....# #
...
#.#.###.†(....##
#. ..
#........#...##
#.##..#.
##......#####
#......< #####.##
#####.#. #...#
#### # ## #...#
#.. #...# #.#
####...###.#


You could see an orc.

Vanquished Creatures
  An adder (D:2)
  2 worms (D:2)
  A dart slug (D:1)
  3 leopard geckos
  A giant cockroach (D:1)
  7 goblins
  7 hobgoblins
  3 kobolds
  A ball python (D:1)
  6 bats
  2 frilled lizards
  8 rats (D:1)
42 creatures vanquished.

Vanquished Creatures (others)
  7 toadstools (D:1)
7 creatures vanquished.

Grand Total: 49 creatures vanquished

Notes
Turn   | Place    | Note
-------+----------+-------------------------------------------
     0 | D:1      | Inarius the Demonspawn Fighter began the quest for the Orb.
     0 | D:1      | Reached XP level 1. HP: 18/18 MP: 1/1
   292 | D:1      | Gained mutation: Your flesh is cold resistant. (rC+)
                  | [demonic ancestry]
   292 | D:1      | Reached XP level 2. HP: 24/24 MP: 2/2
   647 | D:1      | Reached XP level 3. HP: 29/29 MP: 3/3
  1150 | D:2      | Slain by an orc

Levels and vault maps discovered:
D:1:      nagdon_arrival_double_spiral, layout_loops_ring
D:2:      layout_loops_cross, okawaru_gym_becter, uniq_natasha

Skill      XL: |  1  2 |
---------------+-------+-----
Axes           | 2 |  2.5
Shields        | 3 |  3.2
Armour         | 3 |  3.1
Fighting       | |  3.3
Dodging        | |  0.2

Action                   || total
-------------------------++-------
Melee: War axe           ||   133
  Use: Scroll            ||     4
       Potion            ||     2
  Eat: Chunk             ||     1
Armor: Scale mail        ||    67
Dodge: Dodged            ||    53
Block: Shield            ||    81

Table legend:
 A = Non-vault XP
 B = Vault XP
 C = Vault XP percentage of total XP
 D = Non-vault monster count
 E = Vault monster count
 F = Vault count percentage of total count
                 A         B        C        D         E       F
            +---------+---------+-------+---------+---------+-------
      Total |      89 |       0 |   0.0 |      42 |       0 |   0.0
            +---------+---------+-------+---------+---------+-------
        D:1 |      47 |       0 |   0.0 |      29 |       0 |   0.0
        D:2 |      42 |       0 |   0.0 |      13 |       0 |   0.0
            +---------+---------+-------+---------+---------+-------
